 Dungeon Crawl Stone Soup version 0.31-b1-22-gc680215f68 (webtiles) character file.

Game seed: 8171686887366243047

10615 PaiMei the Artisan of Death (level 11, -8/68 HPs)
             Began as a Demonspawn Necromancer on Jan 18, 2024.
             Was a Priest of Kikubaaqudgha.
             Succumbed to a black mamba's poison
             ... on level 1 of the Lair of Beasts.
             The game lasted 00:23:19 (17579 turns).

PaiMei the Artisan of Death (DsNe)                 Turns: 17579, Time: 00:23:20

Health: -8/68      AC: 15    Str: 14    XL:     11   Next: 38%
Magic:  0/23       EV: 16    Int: 19    God:    Kikubaaqudgha [***...]
Gold:   591        SH:  5    Dex: 21    Spells: 10/27 levels left

rFire   . . .        v - +2 hand axe (elec)
rCold   + . .        (no shield)
rNeg    + . .        d - +3 ring mail of Deddy {Rampage rN+}
rPois   .            (helmet restricted)
rElec   .            i - +1 cloak
rCorr   .            (no gloves)
SInv    .            s - +0 pair of boots
Will    .....        r - amulet of reflection
Stlth   ++++         F - +6 ring of strength
HPRegen 0.31/turn    V - +6 ring of dexterity
MPRegen 0.36/turn

%: reflection, rampage
@: lethally poisoned (-8 -> -71)
A: horns 2, icy blue scales 3, ignite blood 1, magic regeneration
a: Renounce Religion, Unearth Wretches


You were on level 1 of the Lair of Beasts.
You worshipped Kikubaaqudgha.
Kikubaaqudgha was most pleased with you.
You visited 3 branches of the dungeon, and saw 13 of its levels.

You collected 651 gold pieces.
You spent 60 gold pieces at shops.

Inventory:

Hand Weapons
 v - a +2 hand axe of electrocution (weapon)
 J - a +4 trident of draining
 R - a +2 trident of pain
Missiles
 o - 33 poisoned darts (quivered)
 Q - a curare-tipped dart
Armour
 d - the +3 ring mail of Deddy (worn) {Rampage rN+}
   (You found it on level 4 of the Dungeon)

   rN+:       It protects you from negative energy.
   Rampage:   It bestows one free step when moving towards enemies.
 i - a +1 cloak (worn)
 s - a +0 pair of boots (worn)
 y - a +0 buckler
 W - a +0 troll leather armour
Jewellery
 r - an amulet of reflection (around neck)
 F - a +6 ring of strength (left hand)
 M - an amulet of regeneration
 T - a ring of see invisible
 V - a +6 ring of dexterity (right hand)
Talismans
 Z - a serpent talisman
Wands
 C - a wand of mindburst (11)
 G - a wand of polymorph (8)
 P - a wand of flame (28)
 S - a wand of paralysis (4)
Scrolls
 c - 8 scrolls of teleportation
 f - a scroll of identify
 g - a scroll of noise {unknown}
 h - 2 scrolls of vulnerability
 l - 2 scrolls of poison
 n - 4 scrolls of fear
 t - a scroll of acquirement {unknown}
 u - 3 scrolls of immolation
 w - 2 scrolls of silence {unknown}
 x - a scroll of revelation {unknown}
 E - 2 scrolls of amnesia {unknown}
 I - a scroll of enchant armour {unknown}
 L - a scroll of enchant weapon {unknown}
 N - 2 scrolls of fog {unknown}
 O - a scroll of blinking {unknown}
 X - a scroll of summoning {unknown}
Potions
 a - 2 potions of lignification {unknown}
 b - a potion of magic
 e - 4 potions of enlightenment
 j - a potion of haste {unknown}
 k - 2 potions of heal wounds
 m - a potion of might {unknown}
 p - 4 potions of curing
 q - 2 potions of resistance {unknown}
 z - 2 potions of invisibility
 A - 2 potions of attraction
 B - 3 potions of mutation
 H - a potion of brilliance {unknown}


   Skills:
 + Level 8.5 Dodging
 + Level 9.3 Stealth
 + Level 8.6 Spellcasting
 + Level 10.9 Necromancy


You had 10 spell levels left.
You knew the following spells:

 Your Spells              Type           Power      Damage    Failure   Level
a - Necrotise             Necr           100%       1d9       1%          1
b - Vampiric Draining     Necr           49%        2d9       1%          3
c - Animate Dead          Necr           49%        N/A       1%          4
d - Curse of Agony        Necr           49%        N/A       5%          5
e - Dispel Undead         Necr           49%        3d18      1%          4

Your spell library contained the following spells:

 Spells                   Type           Power      Damage    Failure   Level
 Kiss of Death            Conj/Necr      100%       2d13      1%          1
 Sublimation of Blood     Necr           49%        N/A       1%          2
 Fugue of the Fallen      Necr           49%        N/A       1%          3
 Cigotuvi's Dreadful Rot  Necr/Alch/Air  44%        N/A       6%          2
 Slow                     Hex            32%        N/A       19%         1
 Martyr's Knell           Necr/Summ      29%        N/A       19%         4
 Death Channel            Necr           24%        N/A       30%         6
 Confusing Touch          Hex            8%         N/A       47%         3
 Sigil of Binding         Hex            8%         N/A       47%         3
 Ignite Poison            Fire/Alch      8%         N/A       87%         4
 Manifold Assault         Tloc           8%         N/A       87%         4
 Freezing Cloud           Conj/Ice/Air   4%         6-21      99%         5
 Dispersal                Tloc           4%         N/A       100%        6
 Disjunction              Tloc           4%         N/A       100%        8


Dungeon Overview and Level Annotations

Branches:
Dungeon (11/15)            Temple (1/1) D:4            Lair (1/5) D:11
    Orc (0/2) D:11

Altars:
Ashenzari
Cheibriados
Dithmenos
Fedhas
Gozag
Hepliaklqana
Kikubaaqudgha
Makhleb
Nemelex Xobeh
Okawaru
Qazlal
Ru
Sif Muna
Trog
Uskayaw
Vehumet
Wu Jian
Xom
Yredelemnul

Shops:
D:7 :   D:9 *?*

Annotations:
D:8 3 runed translucent doors, laqueoix's ghost, novice DrSh


Innate Abilities, Weirdness & Mutations

You have a pair of horns on your head.
You are completely covered in icy blue scales. (AC +4, rC+)
Your demonic aura sometimes causes spilled blood to erupt in flames.
You regenerate magic rapidly.


Message History

You feel life coursing into your body.
You feel sick.
The black mamba bites you but does no damage.
Casting: Vampiric Draining (safe; 1% risk of failure)
Confirm with . or Enter, or press ? or * to list all spells.
You don't have enough magic to cast this spell.
Casting: Vampiric Draining (safe; 1% risk of failure)
Confirm with . or Enter, or press ? or * to list all spells.
You don't have enough magic to cast this spell.
You hit the black mamba.
The black mamba is almost dead.
You feel sick. The black mamba bites you!
You are more poisoned.
The black mamba poisons you! The black mamba bites you.
You are lethally poisoned!
The black mamba poisons you! The black mamba closely misses you.
You hit the black mamba.
The black mamba is almost dead.
You feel extremely sick. The black mamba bites you!
You are more poisoned.
The black mamba poisons you! The black mamba barely misses you.
You closely miss the black mamba. You headbutt the black mamba.
The black mamba is almost dead.
* * * LOW HITPOINT WARNING * * *
You feel extremely sick. The black mamba bites you.
* * * LOW HITPOINT WARNING * * *
You are more poisoned.
The black mamba poisons you! The black mamba closely misses you.
Casting: Vampiric Draining (safe; 1% risk of failure)
Confirm with . or Enter, or press ? or * to list all spells.
Aiming: Vampiric Draining (safe; 1% risk of failure)
Press: ? - help, Shift-Dir - straight line, f/p - black mamba
Aim: a black mamba (almost dead)
You draw life force from the black mamba!
You kill the black mamba!
Kikubaaqudgha accepts your kill.
You feel life coursing into your body.
You die...
Kikubaaqudgha rasps: "You have failed me!
Welcome... death!"

.........................
...........................
..##..###P.................
..###.#####................
...##.##.#P......#.#.#$.#..
..##......†......#.........
...##...#.#......+......♣
.. #..†#.#......†.....♣
#.....+.....@#.†.♣....
####..#......#.♣....P..
####......#.P.......
#......#......P..
.........P........
...............P...
.............P.....
...............PP?
...........


There were no monsters in sight!

Vanquished Creatures
  2 two-headed ogres (D:11)
  2 cyclopes (D:11)
  A black mamba (Lair:1)
  2 unseen horrors
  4 rime drakes (Lair:1)
  A komodo dragon (D:11)
  Jeremiah (D:7)
  4 trolls
  A hornet (D:11)
  A shadow (D:11)
  A wraith (D:10)
  3 yaks (D:8)
  A warg (D:11)
  A steam dragon (D:7)
  An acid dragon (D:11)
  A water moccasin (Lair:1)
  5 ice beasts
  4 sky beasts
  An orc warrior (D:6)
  An ogre (D:5)
  3 wolves
  11 centaurs
  2 phantoms
  2 kobold brigands
  2 bullfrogs
  A gnoll sergeant (D:7)
  A scorpion (D:5)
  3 jellies
  5 wights (D:9)
  5 howler monkeys
  3 bombardier beetles
  5 orc priests
  2 hounds
  A gnoll bouda (D:3)
  Crazy Yiuf (D:7)
  2 sleepcaps
  Natasha (thrice) (D:4)
  3 iguanas
  7 orc wizards
  7 adders
  11 gnolls
  A white imp (D:6)
  3 dart slugs
  4 ribbon worms
  40 orcs
  5 bats
  7 endoplasms
  6 giant cockroaches
  7 hobgoblins
  8 jackals
  4 quokkas
  7 ball pythons
  3 frilled lizards
  4 goblins
  12 kobolds
  4 rats
233 creatures vanquished.

Vanquished Creatures (collateral kills)
  An orc (D:3)
  An endoplasm (D:3)
  A goblin (D:1)
  A quokka (D:1)
4 creatures vanquished.

Grand Total: 237 creatures vanquished

Notes
Turn   | Place    | Note
-------+----------+-------------------------------------------
     0 | D:1      | PaiMei the Demonspawn Necromancer began the quest for the
                  | Orb.
     0 | D:1      | Reached XP level 1. HP: 13/13 MP: 3/3
   302 | D:1      | Gained mutation: You are partially covered in icy blue
                  | scales. (AC +2) [demonic ancestry]
   302 | D:1      | Reached XP level 2. HP: 19/19 MP: 1/5
  1072 | D:2      | Gained mutation: You have a pair of small horns on your
                  | head. [demonic ancestry]
  1072 | D:2      | Reached XP level 3. HP: 22/24 MP: 0/6
  1584 | D:2      | Found a shimmering blue altar of Sif Muna.
  1698 | D:2      | Gained mutation: You have a pair of horns on your head.
                  | [demonic ancestry]
  1698 | D:2      | Reached XP level 4. HP: 29/30 MP: 3/7
  1966 | D:3      | Reached skill level 5 in Necromancy
  2591 | D:3      | Gained mutation: You are mostly covered in icy blue scales.
                  | (AC +3) [demonic ancestry]
  2591 | D:3      | Reached XP level 5. HP: 15/35 MP: 0/9
  2911 | D:3      | Found a hazy altar of Hepliaklqana.
  2911 | D:3      | Found a shimmering altar of Xom.
  2919 | D:3      | Found a faded altar of an unknown god.
  2921 | D:3      | Found a radiant altar of Vehumet.
  2923 | D:3      | Found a faded altar of an unknown god.
  3357 | D:4      | Noticed a phantom
  3943 | D:4      | Noticed Natasha
  3950 | D:4      | Killed Natasha
  4160 | D:4      | Noticed Natasha
  4165 | D:4      | Killed Natasha
  4166 | D:4      | Gained mutation: You regenerate magic rapidly. [demonic
                  | ancestry]
  4166 | D:4      | Reached XP level 6. HP: 40/41 MP: 6/10
  4254 | D:4      | Found a staircase to the Ecumenical Temple.
  4271 | D:4      | Noticed Natasha
  4280 | D:4      | Killed Natasha
  4281 | D:4      | Found a basalt altar of Yredelemnul.
  4281 | D:4      | Found a shimmering blue altar of Sif Muna.
  4282 | D:4      | Found a burning altar of Makhleb.
  4338 | Temple   | Entered the Ecumenical Temple
  4360 | Temple   | Became a worshipper of Kikubaaqudgha
  4507 | D:4      | Identified the +3 ring mail of Deddy {Rampage rN+}
  4856 | D:5      | Entered Level 5 of the Dungeon
  4960 | D:5      | Reached skill level 6 in Necromancy
  5689 | D:4      | Learned a level 3 spell: Vampiric Draining
  5694 | D:4      | Learned a level 4 spell: Animate Dead
  5702 | D:5      | Gained mutation: Your demonic aura sometimes causes spilled
                  | blood to erupt in flames. [demonic ancestry]
  5702 | D:5      | Reached XP level 7. HP: 46/46 MP: 0/12
  6698 | D:5      | Reached * piety under Kikubaaqudgha
  6698 | D:5      | Received a gift from Kikubaaqudgha
  6913 | D:5      | Reached XP level 8. HP: 52/52 MP: 4/14
  7019 | D:5      | Reached skill level 5 in Stealth
  7151 | D:6      | Found an ornate altar of the Wu Jian Council.
  7157 | D:6      | Reached skill level 7 in Necromancy
  7347 | D:6      | Found a blossoming altar of Fedhas.
  7814 | D:6      | Reached skill level 5 in Dodging
  7814 | D:6      | Reached skill level 5 in Spellcasting
  8155 | D:6      | Noticed a spectral centipede
  8155 | D:6      | Noticed a spectral black mamba
  9285 | D:7      | Gained mutation: You are completely covered in icy blue
                  | scales. (AC +4, rC+) [demonic ancestry]
  9285 | D:7      | Reached XP level 9. HP: 57/57 MP: 5/17
 10052 | D:7      | Reached skill level 8 in Necromancy
 10066 | D:7      | Reached ** piety under Kikubaaqudgha
 10645 | D:7      | Found a snail-covered altar of Cheibriados.
 10647 | D:7      | Noticed Jeremiah
 10684 | D:7      | Found Kilutil's Book Emporium.
 10962 | D:7      | Found a runed translucent door.
 10963 | D:7      | Noticed Crazy Yiuf
 11061 | D:7      | Killed Jeremiah
 11187 | D:7      | Killed Crazy Yiuf
 11240 | D:8      | Found an opulent altar of Gozag.
 11720 | D:8      | Found a flagged portal.
 11881 | D:8      | Reached skill level 9 in Necromancy
 11885 | D:8      | Found a runed translucent gate.
 11885 | D:8      | Found a runed translucent gate.
 11933 | D:8      | Found a runed translucent gate.
 11935 | D:8      | Noticed laqueoix's ghost (novice DrSh)
 12417 | D:9      | Found Keikigu's Magic Scroll Boutique.
 12420 | D:9      | Found Cucs's General Store.
 12425 | D:9      | Bought a scroll of teleportation for 36 gold pieces
 12425 | D:9      | Bought a scroll of identify for 24 gold pieces
 12652 | D:9      | Found Qytiusa's Assorted Antiques.
 12788 | D:9      | Identified the +0 short sword of Memobo Pash {pain, ^Drain
                  | Fly SInv Stlth+}
 13247 | D:9      | Reached XP level 10. HP: 50/55 MP: 20/20
 13327 | D:10     | Entered Level 10 of the Dungeon
 13654 | D:10     | HP: 1/63 [something (9)]
 14506 | D:11     | Noticed a cyclops
 14506 | D:11     | Noticed a two-headed ogre
 14513 | D:11     | Killed a two-headed ogre
 14691 | D:11     | Killed a cyclops
 14853 | D:11     | Reached skill level 10 in Necromancy
 15207 | D:11     | Noticed a cyclops
 15228 | D:11     | Killed a cyclops
 15228 | D:11     | Reached *** piety under Kikubaaqudgha
 15228 | D:11     | Received a gift from Kikubaaqudgha
 15234 | D:11     | Learned a level 4 spell: Dispel Undead
 15240 | D:11     | Learned a level 5 spell: Curse of Agony
 15243 | D:11     | Found a staircase to the Lair.
 16096 | D:11     | Found a staircase to the Orcish Mines.
 16101 | D:11     | Reached XP level 11. HP: 68/68 MP: 13/23
 16497 | D:11     | Noticed a two-headed ogre
 16506 | D:11     | Killed a two-headed ogre
 17263 | Lair:1   | Entered Level 1 of the Lair of Beasts
 17579 | Lair:1   | Succumbed to a black mamba's poison

Illustrated notes

Levels and vault maps discovered:
D:1:      giann_bridges, layout_loops_ring, corexii_hall_statues_i,
          minmay_misc_feat_four_crosses
D:2:      layout_loops_ring, basic_altar
D:3:      minmay_angry_zag, layout_basic, chequers_temple_overflow_minitemple
D:4:      cheibrodos_old_hovel, layout_basic,
          chequers_temple_overflow_statue_of_worship,
          minmay_temple_entry_junction, uniq_natasha
D:5:      layout_gridville
D:6:      layout_cave_pods, fedhas_altar_2, pdpol_wu_jian_five_deadly_venoms
D:7:      layout_rooms, kennysheep_slug_shrine, serial_shops, shop,
          uniq_jeremiah, uniq_crazy_yiuf_cottage
D:8:      layout_loops_corners, nicolae_overflow_crystal_walls, enter_bailey_8,
          gammafunk_ghost_necromancy
D:9:      layout_loops_ring, serial_shops, nicolae_shop_trees, shop,
          nicolae_shop_hallway_stairs
D:10:     layout_roguey
D:11:     layout_gridville, lair_entry_dummy, minmay_orc_entry_guard_dogs
Temple:   hellmonk_temple_of_storms
Lair:1:   dreamdust_cave_troll, layout_regular_city,
          grunt_forest_large_clearings

Skill      XL: |  1  2  3  4  5  6  7  8  9 10 11 |
---------------+----------------------------------+-----
Stealth        | 2 3 4 6 7 8 9 |  9.3
Dodging        | 2 3 4 5 6 8 |  8.5
Necromancy     | 5 6 7 9 10 | 10.9
Spellcasting   | 3 4 5 6 8 |  8.6

Action                     |  1- 3 |  4- 6 |  7- 9 | 10-12 || total
---------------------------+-------+-------+-------+-------++-------
  Melee: Unarmed           |     5 |       |       |       ||     5
         Short sword       |    20 |    29 |       |       ||    49
         Headbutt          |     1 |     8 |    18 |    12 ||    39
         Hand axe          |       |    15 |    68 |    53 ||   136
         Trident           |       |       |    28 |       ||    28
         Punch             |       |       |       |     1 ||     1
   Cast: Necrotise         |    70 |   139 |   107 |    35 ||   351
         Vampiric Draining |       |     4 |   115 |    93 ||   212
         Dispel Undead     |       |       |       |     1 ||     1
         Animate Dead      |       |       |       |     1 ||     1
    Use: Scroll            |       |       |       |    11 ||    11
   Stab: Sleeping          |       |       |       |     1 ||     1
 Armour: Robe              |    23 |    83 |   133 |    53 ||   292
         Ring mail         |       |       |       |    75 ||    75
  Dodge: Dodged            |    27 |    88 |   134 |   182 ||   431
  Block: Other             |       |    11 |    37 |    19 ||    67
         Reflection        |       |       |       |     3 ||     3
